 Dungeon Crawl Stone Soup version 0.23-a0-49-gd9f7a49 (webtiles) character file.

8 Gruud the Grave Robber (level 2, 0/19 HPs)
             Began as a Demonspawn Necromancer on Aug 7, 2018.
             Slain by a bat (1 damage)
             ... on level 1 of the Dungeon.
             The game lasted 00:01:21 (281 turns).

Gruud the Grave Robber (Demonspawn Necromancer)      Turns: 281, Time: 00:01:22

Health: 0/19       AC:  2    Str:  8    XL:     2   Next: 0%
Magic:  0/5        EV: 12    Int: 16    God:
Gold:   0          SH:  0    Dex: 13    Spells: 3/5 levels left

rFire    . . .     SeeInvis .   (no weapon)
rCold    . . .     Gourm    .   (no shield)
rNeg     . . .     Faith    .   a - +0 robe
rPois    .         Spirit   .   (helmet restricted)
rElec    .         Reflect  .   (no cloak)
rCorr    .         Harm     .   (no gloves)
MR       .....                  (no boots)
Stlth    ++........             (no amulet)
HPRegen  0.06/turn              (no ring)
MPRegen  0.09/turn              (no ring)

@: no status effects
A: horns 1
a: no special abilities


You were on level 1 of the Dungeon.
You were not hungry.

You visited 1 branch of the dungeon, and saw 1 of its levels.

Inventory:

Missiles
 d - a throwing net (quivered)
 e - 27 poisoned needles
Armour
 a - a +0 robe (worn)
 b - a +0 scale mail
Comestibles
 c - a ration
 f - 4 chunks of flesh


   Skills:
 - Level 1.7 Dodging
 - Level 1.7 Stealth
 + Level 2.2 Spellcasting
 * Level 4.7 Necromancy


You had 3 spell levels left.
You knew the following spells:

 Your Spells              Type           Power        Failure   Level  Hunger
a - Pain                  Necr           ###.         3%          1    #......
b - Animate Skeleton      Necr           N/A          3%          1    #......

Your spell library contained the following spells:

 Spells                   Type           Power        Failure   Level  Hunger
 Animate Dead             Necr           N/A          28%         4    #####..
 Vampiric Draining        Necr           ###.......   9%          3    ###....
 Regeneration             Chrm/Necr      #.........   22%         3    ###....


Dungeon Overview and Level Annotations

Branches:
Dungeon (1/15)

Altars:


Innate Abilities, Weirdness & Mutations

You have a pair of small horns on your head.


Message History

The bat is moderately wounded.
The bat hits you but does no damage. The kobold hits you with a short sword.
* * * LOW HITPOINT WARNING * * *
The bat barely misses you. The bat closely misses you.
The bat closely misses you. The bat hits you but does no damage.
The bat hits you but does no damage.
Casting: Pain (safe; 3% risk of failure)
Confirm with . or Enter, or press ? or * to list all spells.
Aiming: Pain (safe; 3% risk of failure)
Press: ? - help, Shift-Dir - straight line, f/p - bat
Aim: a bat (chance to defeat MR: 87%)
The bat writhes in agony!
You kill the bat!
You have reached level 2!
Your demonic ancestry asserts itself...
A pair of horns grows on your head! The bat hits you.
You die...

#?............#
#..............
#..............
#....................
#....# #....... .
#....# #.........
#....####.....#...
#........>......####
###@######....# #...
######b## #....# #...
#.....K.#####....# #.(.
#.####..#........# #...
#..b)...#....##### #...
#######.#....#######...
#......†.....#...
###...)#####.#...
#....# #.#...


You could see a bat and a kobold.

Vanquished Creatures
  A bat (D:1)
  2 goblins (D:1)
  2 hobgoblins (D:1)
  A frilled lizard (D:1)
  A kobold (D:1)
7 creatures vanquished.

Notes
Turn   | Place    | Note
-------+----------+-------------------------------------------
     0 | D:1      | Gruud the Demonspawn Necromancer began the quest for the Orb.
     0 | D:1      | Reached XP level 1. HP: 13/13 MP: 3/3
    11 | D:1      | Learned a level 1 spell: Animate Skeleton
   281 | D:1      | Gained mutation: You have a pair of small horns on your head. [demonic ancestry]
   281 | D:1      | Reached XP level 2. HP: 1/19 MP: 0/5
   281 | D:1      | Slain by a bat

Vault maps used:
D:1:      minmay_arrival_widening_spiral_wide

Action                   || total
-------------------------++-------
Melee: Unarmed           ||     1
 Cast: Pain              ||    15
Armor: Robe              ||     9
Dodge: Dodged            ||    15

Table legend:
 A = Spawn XP
 B = Non-spawn XP
 C = Spawn XP percentage of total XP
 D = Spawn monster count
 E = Non-spawn monster count
 F = Spawn count percentage of total count
 G = Total turns spent on level
                    A         B        C        D         E        F      G
               +---------+---------+-------+---------+---------+-------+---------
         Total |       0 |      12 |   0.0 |       0 |       7 |   0.0 |   281
               +---------+---------+-------+---------+---------+-------+---------
           D:1 |       0 |      12 |   0.0 |       0 |       7 |   0.0 |   281
               +---------+---------+-------+---------+---------+-------+---------
